AoeStats
← [Massa] Edo

Black Forest

507859527Analyzed
2v2 RM · 11d ago on Sep 20, 2026· 37m 0s· 4 players
Game mode
Random Map
Map size
Medium (4 player)
Population
200
Speed
Normal
Resources
Standard
Victory
Conquest
Starting age
Dark Age
Ending age
Imperial Age
RankedLock teamsTeams togetherTeam positionsShared explorationLock speedFull tech treeHidden civsTurbo modeCheats
Victory
Defeat
🇧🇷 Goths · Brazil
1516
+11
🇧🇷 Aztecs · Brazil
1442
+14
🇨🇱 Maya · Chile
1444
-14
🇨🇱 Celts · Chile
1366
-11
AP10
0:25 Loom
10:43 Feudal Age
15:50 Castle Age
14:08 Double-Bit Axe
14:51 Fletching
15:40 Fishing Lines
16:29 Padded Archer Armor
16:32 Bodkin Arrow
21:46 Gillnets
28:53 Bow Saw
31:45 Imperial Age
32:20 Padded Archer Armor
32:18 Onager
34:59 Conscription
34:52 Scale Mail Armor
35:02 Forging
34:14 Eagle Warrior
34:55 Squires
34:40 Arson
Paillash
5:27 Loom
10:30 Feudal Age
15:00 Castle Age
13:31 Double-Bit Axe
20:11 Forging
20:17 Man-at-Arms
21:22 Scale Mail Armor
22:36 Fishing Lines
26:41 Long Swordsman
30:32 Chain Mail Armor
33:56 Gold Mining
tg
3:25 Loom
13:09 Feudal Age
17:12 Castle Age
19:22 Double-Bit Axe
21:26 Town Watch
22:44 Redemption
32:47 Imperial Age
31:26 Bow Saw
30:59 Horse Collar
31:10 Gold Mining
31:11 Stone Mining
31:47 Scale Mail Armor
32:43 Heavy Plow
32:13 Eagle Warrior
32:53 Squires
33:10 Chain Mail Armor
34:00 Wheelbarrow
33:43 Fishing Lines
35:02 Plate Mail Armor
34:13 Elite Eagle Warrior
35:13 Block Printing
35:31 Garland Wars
36:45 Conscription
35:48 Capped Ram
37:13 Arson
[Massa] Edo
0:29 Loom
10:30 Feudal Age
11:14 Double-Bit Axe
11:00 Man-at-Arms
11:42 Horse Collar
13:22 Gold Mining
13:48 Fletching
15:52 Forging
17:54 Wheelbarrow
21:23 Castle Age
19:52 Scale Mail Armor
20:33 Stone Mining
23:22 Bow Saw
24:11 Bodkin Arrow
24:39 Heavy Plow
25:16 Stone Shaft Mining
31:45 Imperial Age
31:54 Chain Mail Armor
33:48 Chemistry
34:09 Ballistics
36:05 Iron Casting
37:31 Squires
37:53 Conscription
37:38 Anarchy
Connection lost

Rejoining the realm…

Still unreachable

The connection could not be restored.

Session expired

The server has moved on; the page needs a fresh start.